 Dungeon Sprint DCSS version 0.30.1-4-g462c640d31 (webtiles) character file.

Game seed: 2480718155989471340

5012 Heoruswealwe the Brawler (level 10, 0/121 (122) HPs)
             Began as a Troll Berserker on Sept 5, 2023.
             Was a High Priest of Trog.
             Asphyxiated
             ... in the Dungeon (Sprint I: "Red Sonja").
             The game lasted 00:12:59 (837 turns).

Heoruswealwe the Brawler (Troll Berserker)           Turns: 837, Time: 00:12:59

HP:   0/121 (122)   AC:  6    Str: 31    XL:     10   Next: 29%
MP:   14/14         EV:  9    Int:  3    God:    Trog [*****.]
Gold: 868           SH:  0    Dex:  9    Spells: 9/9 levels left

rFire   . .          .
                       - Unarmed
rCold   . . .        (no shield)
rNeg    . . .        a - +0 troll leather armour
rPois   .            (helmet restricted)
rElec   .            (no cloak)
rCorr   .            (gloves unavailable)
SInv    .            (boots unavailable)
Will    .....        (no amulet)
Stlth   +            (no ring)
HPRegen 2.00/turn    (no ring)
MPRegen 0.14/turn

%: no teleportation
@: lethally poisoned (0 -> -13), on berserk cooldown, slowed, studying
Invocations, lightly drained, very slow
A: large, unfitting armour, claws 3, regeneration 1, shaggy fur 1, tough skin 1
a: Renounce Religion, Berserk, Trog's Hand, Brothers in Arms


You were in the Dungeon.
You worshipped Trog.
Trog was extremely pleased with you.
You visited 1 branch You collected 1596 gold pieces.
You spent 728 gold pieces at shops.

Inventory:

Armour
 a - a +0 troll leather armour (worn)
Jewellery
 f - a ring of positive energy
Wands
 h - a wand of digging (1)
Scrolls
 e - a scroll of identify {unknown}
 g - a scroll of blinking
 i - a scroll of poison {unknown}
Potions
 d - a potion of mutation {unknown}


   Skills:
 + Level 14.1 Fighting
 - Level 2.4 Dodging
 * Level 16.6 Unarmed Combat
 + Level 7.3 Invocations


You had 9 spell levels left.
You didn't know any spells.
Your spell library was empty.

Dungeon Overview and Level Annotations

Branches:
Dungeon (1/1)

Altars:
Cheibriados
Dithmenos
Elyvilon
Fedhas
Gozag
Hepliaklqana
Kikubaaqudgha
Makhleb
Nemelex Xobeh
Okawaru
Qazlal
Ru
Sif Muna
Trog
Uskayaw
Vehumet
Wu Jian
Xom
Yredelemnul
Zin
The Shining One
Jiyva
Lugonu

Shops:
D ::*[??[[:((=[=[=

Annotations:
D Sonja


Innate Abilities, Weirdness & Mutations

You are too large for most types of armour.
You have claws for hands.
Your natural rate of healing is unusually fast.
You are covered in fur. (AC +1)
You have tough skin. (AC +1)


Message History

You feel sick.
Sonja mumbles some strange words.
Sonja blinks!
You feel very sick.
Sonja throws a curare-tipped dart.
The curare-tipped dart hits you.
You are more poisoned.
You have difficulty breathing.
You feel yourself slow down.
You feel a strong urge to attack something.
You feel very sick.
Sonja zaps a wand.
You easily resist.
You feel very sick.
Sonja gestures wildly while chanting.
Sonja blinks!
Sonja throws a curare-tipped dart.
The curare-tipped dart hits you.
You are more poisoned.
You have difficulty breathing.
* * * LOW HITPOINT WARNING * * *
You feel as though you will be slow longer.
You feel your anger nearly subside.
You are no longer berserk.
You are exhausted.
You feel as though you will be slow longer.
You feel extremely sick.
Sonja throws a curare-tipped dart.
The curare-tipped dart hits you.
You are more poisoned.
You have difficulty breathing.
* * * LOW HITPOINT WARNING * * *
You feel as though you will be slow longer.
* * * LOW HITPOINT WARNING * * *
You feel extremely sick.
Sonja mumbles some strange words.
Sonja blinks!
You see here a necrophage skeleton.
You feel extremely sick.
Sonja gestures wildly while chanting.
Sonja blinks!
You feel very sick.
Sonja throws a curare-tipped dart.
The curare-tipped dart hits you.
You are lethally poisoned!
You have difficulty breathing.
You die...

⌠#_.∩...†..._#~~~.§#.§#
.#_..__##_.#'##'#####'###
.#_____###+#(#.)!)###.'.#
##########.####'###[###†#
+$.$'.....'[∩##.#
#$.$###.#######.# ##.
#.......##.# #
#......)...# #'.@######.#
#.÷...§K§#§#
######...§.§§#§.#
#.[......§..~####
#........§.~~#
##.......~~§##
###..~~~~###
###+######+###
#∩∩########∩∩#


You could see Sonja.

Vanquished Creatures
  2 centaur warriors (D)
  A deep troll (D)
  An oklob plant (D)
  2 unseen horrors (D)
  2 kobold demonologists (D)
  A hornet (D)
  A slime creature (D)
  Sigmund (D)
  A yak (D)
  2 redbacks (D)
  2 floating eyes (D)
  An ogre (D)
  7 necrophages (D)
  8 jellies (D)
  Ijyb (D)
33 creatures vanquished.

Notes
Turn   | Place    | Note
-------+----------+-------------------------------------------
     0 | D        | Heoruswealwe the Troll Berserker began the quest for the
                  | Orb.
     0 | D        | Reached XP level 1. HP: 22/22 MP: 0/0
     1 | D        | Noticed Ijyb
     4 | D        | Killed Ijyb
     5 | D        | Reached skill level 5 in Unarmed Combat
     5 | D        | Reached XP level 2. HP: 32/32 MP: 1/1
    28 | D        | Noticed an ogre
    33 | D        | Killed an ogre
    34 | D        | Reached skill level 7 in Unarmed Combat
    34 | D        | Reached XP level 3. HP: 34/44 MP: 2/2
    34 | D        | Reached XP level 4. HP: 40/52 MP: 3/3
    45 | D        | Noticed Sigmund
    50 | D        | Killed Sigmund
    50 | D        | Reached ** piety under Trog
    51 | D        | Reached skill level 9 in Unarmed Combat
    51 | D        | Reached XP level 5. HP: 63/63 MP: 4/4
    51 | D        | Reached XP level 6. HP: 72/72 MP: 5/5
    63 | D        | Found an ornate altar of the Wu Jian Council.
    63 | D        | Found a shimmering blue altar of Sif Muna.
    65 | D        | Found a radiant altar of Vehumet.
    92 | D        | Found Gozytzea's Book Emporium.
    92 | D        | Found an ancient bone altar of Kikubaaqudgha.
    92 | D        | Found a hazy altar of Hepliaklqana.
    92 | D        | Found a stormy altar of Qazlal.
    92 | D        | Found a hide-covered altar of Uskayaw.
    92 | D        | Found a blossoming altar of Fedhas.
    92 | D        | Found a bloodstained altar of Trog.
    92 | D        | Found an iron altar of Okawaru.
    92 | D        | Found a basalt altar of Yredelemnul.
    92 | D        | Found a glowing golden altar of the Shining One.
    92 | D        | Found a snail-covered altar of Cheibriados.
    92 | D        | Found a sacrificial altar of Ru.
    92 | D        | Found a glowing silver altar of Zin.
    92 | D        | Found a shadowy altar of Dithmenos.
    92 | D        | Found a white marble altar of Elyvilon.
    92 | D        | Noticed a yak
    94 | D        | Killed a yak
    95 | D        | Reached skill level 10 in Unarmed Combat
    95 | D        | Found an opulent altar of Gozag.
    96 | D        | Found a sparkling altar of Nemelex Xobeh.
   112 | D        | Found a burning altar of Makhleb.
   112 | D        | Found a viscous altar of Jiyva.
   112 | D        | Found a shimmering altar of Xom.
   112 | D        | Found a corrupted altar of Lugonu.
   112 | D        | Noticed a slime creature
   118 | D        | Killed a slime creature
   118 | D        | Reached *** piety under Trog
   119 | D        | Reached skill level 11 in Unarmed Combat
   119 | D        | Reached XP level 7. HP: 80/83 MP: 6/6
   133 | D        | Noticed a kobold demonologist
   133 | D        | Noticed a kobold demonologist
   138 | D        | Noticed a sun demon
   138 | D        | Killed a kobold demonologist
   139 | D        | Reached skill level 10 in Fighting
   139 | D        | Reached skill level 12 in Unarmed Combat
   142 | D        | Noticed a chaos spawn
   142 | D        | Killed a kobold demonologist
   142 | D        | Reached **** piety under Trog
   143 | D        | Reached skill level 13 in Unarmed Combat
   143 | D        | Reached XP level 8. HP: 97/97 MP: 7/7
   156 | D        | Noticed a centaur warrior
   166 | D        | Killed a centaur warrior
   167 | D        | Reached skill level 14 in Unarmed Combat
   175 | D        | Noticed a centaur warrior
   183 | D        | Killed a centaur warrior
   184 | D        | Reached skill level 15 in Unarmed Combat
   184 | D        | Reached XP level 9. HP: 45/109 MP: 8/8
   239 | D        | Noticed a deep troll
   243 | D        | Killed a deep troll
   257 | D        | Found Ciedus's Armour Emporium.
   292 | D        | Paralysed by a hornet for 1 turns
   296 | D        | Reached ***** piety under Trog
   326 | D        | Noticed an oklob plant
   335 | D        | Killed an oklob plant
   336 | D        | Reached skill level 16 in Unarmed Combat
   388 | D        | Received a gift from Trog
   392 | D        | Killed an unseen horror
   393 | D        | Reached skill level 5 in Invocations
   393 | D        | Reached XP level 10. HP: 90/120 MP: 11/13
   457 | D        | Reached ****** piety under Trog
   458 | D        | Received a gift from Trog
   568 | D        | Found Xuurazudgh's General Store.
   568 | D        | Found Wafuwkuwn's Book Shop.
   568 | D        | Found Atoir's Antique Armour Boutique.
   575 | D        | Found Qinasod's Antique Armour Boutique.
   575 | D        | Found Sekun's Jewellery Emporium.
   575 | D        | Found Dapew's Jewellery Emporium.
   577 | D        | Found Vuutuck's Jewellery Boutique.
   577 | D        | Found Cukhog's Antique Weapon Shoppe.
   577 | D        | Found Hofoff Moddu's Weapon Shop.
   577 | D        | Found Seorigasu's Book Emporium.
   577 | D        | Found Atzecutz's Antique Armour Boutique.
   577 | D        | Found Pisaeh's Antique Armour Shoppe.
   577 | D        | Found Wethavvo's Magic Scroll Shop.
   582 | D        | Found Myngeclu's Magic Scroll Emporium.
   590 | D        | Bought a scroll of acquirement for 728 gold pieces
   800 | D        | Acquired a manual of Invocations
   811 | D        | Noticed Sonja
   837 | D        | Asphyxiated

Illustrated notes

Levels and vault maps discovered:
D:        dungeon_sprint_1 [red_sonja_temple_1, red_sonja_temple_small_1]

Skill      XL: |  1  2  3  4  5  6  7  8  9 10 |
---------------+-------------------------------+-----
Fighting       | 4 6 7 9 11 12 13 14 | 14.1
Unarmed Combat | 5 7 9 11 13 15 16 | 16.6
Invocations    | 5 7 |  7.3
Dodging        | |  2.4

Action                     |  1- 3 |  4- 6 |  7- 9 | 10-12 || total
---------------------------+-------+-------+-------+-------++-------
  Melee: Unarmed           |     6 |    12 |    44 |    53 ||   115
         Punch             |     1 |     1 |     3 |     1 ||     6
 Invoke: Berserk           |       |       |       |     1 ||     1
  Evoke: Wand              |     1 |       |       |     1 ||     2
    Use: Potion            |       |       |     2 |     2 ||     4
         Scroll            |       |       |       |     1 ||     1
 Armour: Animal skin       |       |       |     2 |       ||     2
         Troll leather arm |       |       |     5 |    15 ||    20
  Dodge: Dodged            |       |     4 |     6 |    20 ||    30
